 Dungeon Crawl Stone Soup version 0.27-a0-660-g90476cec82 (webtiles) character file.

Game seed: 15919691298328789636

3 robertstho the Skirmisher (level 1, -2/18 HPs)
             Began as a Formicid Abyssal Knight on Mar 16, 2021.
             Was an Initiate of Lugonu.
             Hit by a stone thrown by a kobold (5 damage)
             ... on level 1 of the Dungeon.
             The game lasted 00:00:30 (364 turns).

robertstho the Skirmisher (Formicid Abyssal Knight)  Turns: 364, Time: 00:00:31

Health: -2/18      AC:  3    Str: 16    XL:     1   Next: 55%
Magic:  2/2        EV: 11    Int: 11    God:    Lugonu [......]
Gold:   21         SH:  0    Dex: 10    Spells: 0/0 levels left

rFire    . . .     SeeInvis +   a - +1 hand axe
rCold    . . .     Faith    .   (no shield)
rNeg     . . .     Spirit   .   b - +0 leather armour
rPois    .         Reflect  .   (helmet unavailable)
rElec    .         Harm     .   (no cloak)
rCorr    .         Rampage  .   (no gloves)
Will     .....                  (no boots)
Stlth    +.........             (no amulet)
HPRegen  0.06/turn              (no ring)
MPRegen  0.08/turn              (no ring)

@: no status effects
A: permanent stasis, dig shafts and tunnels, antennae 3, four strong arms
a: Dig, Shaft Self, Renounce Religion


You were on level 1 of the Dungeon.
You worshipped Lugonu.
Lugonu was noncommittal.
You visited 1 branch of the dungeon, and saw 1 of its levels.
You visited the Abyss 1 time.

You collected 21 gold pieces.

Inventory:

Hand Weapons
 a - a +1 hand axe (weapon)
Armour
 b - a +0 leather armour (worn)
Scrolls
 e - a scroll of identify {unknown}
Potions
 c - a potion of curing {unknown}
 d - a potion of heal wounds {unknown}


   Skills:
 * Level 3.4 Fighting
 + Level 2.2 Axes
 * Level 2.1 Armour
 + Level 0.8 Dodging
 * Level 2.1 Invocations


You couldn't memorise any spells.
You didn't know any spells.
Your spell library was empty.

Dungeon Overview and Level Annotations

Branches:
Dungeon (1/15)

Altars:


Innate Abilities, Weirdness & Mutations

You cannot be hasted, slowed, berserked, paralysed or teleported.
You can dig through walls and to a lower floor.
You have a pair of large antennae on your head. (SInv)
Your four strong arms can wield two-handed weapons with a shield.


Message History

A kobold is nearby!
A kobold is nearby!
A kobold is nearby!
The kobold hits you with a +0 whip.
You barely miss the kobold. The kobold barely misses you.
The kobold hits you with a +0 whip.
You barely miss the kobold. The kobold hits you with a +0 whip.
You closely miss the kobold. The kobold barely misses you.
You barely miss the kobold. The kobold hits you with a +0 whip!
* * * LOW HITPOINT WARNING * * *
You are too injured to fight recklessly!
You are too injured to fight recklessly!
You are too injured to fight recklessly!
You are too injured to fight recklessly!
You are too injured to fight recklessly!
You are too injured to fight recklessly!
You are too injured to fight recklessly!
You are too injured to fight recklessly!
You are too injured to fight recklessly!
You are too injured to fight recklessly!
You are too injured to fight recklessly!
You are too injured to fight recklessly!
You are too injured to fight recklessly!
You are too injured to fight recklessly!
You are too injured to fight recklessly!
The kobold throws a stone.
The stone closely misses you.
The kobold throws a stone.
The stone barely misses you.
You extend your mandibles.
You dig through the rock wall.
You dig through the rock wall.
You dig through the rock wall.
You dig through the rock wall.
The kobold throws a stone.
The stone hits you.
* * * LOW HITPOINT WARNING * * *
You dig through the rock wall.
The kobold throws a stone.
The stone barely misses you.
You dig through the rock wall.
You dig through the rock wall.
The kobold throws a stone.
The stone barely misses you.
You dig through the rock wall.
The kobold throws a stone.
The stone hits you.
You die...

....# # #....K........#
###.#.#.#.###.##.######
# #.#.........##.# #
#.###.##.#####K# ###.#
#.......##.#
#...#########.##.#
#.##..†.......##.# ..
#.###########.# # #.#
#@# {#.# ### #.# #.#
#.# #.#


You could see a kobold.

Vanquished Creatures
  A kobold (D:1)
  3 rats (D:1)
4 creatures vanquished.

Notes
Turn   | Place    | Note
-------+----------+-------------------------------------------
     0 | Abyss:1  | robertstho the Formicid Abyssal Knight began the quest for
                  | the Orb.
     0 | Abyss:1  | Reached XP level 1. HP: 18/18 MP: 2/2
    75 | Abyss:1  | Noticed a quasit
    84 | D:1      | Escaped the Abyss
   364 | D:1      | Hit by a stone thrown by a kobold

Illustrated notes

Levels and vault maps discovered:
D:1:      dpeg_arrival_leaves_temple_mockup, layout_basic

Action                   || total
-------------------------++-------
Melee: Hand axe          ||    13
Invok: Depart the Abyss  ||     1
 Abil: Dig               ||     1
Dodge: Dodged            ||     8

Table legend: (Time is in decaauts)
 A = Elapsed time spent in this place.
 B = Non-inter-level travel time spent in this place.
 C = Inter-level travel time spent in this place.
 D = Time resting spent in this place.
 E = Time spent auto-exploring this place.
 F = Levels seen in this place.
 G = Mean time per level.
                   A        B        C        D        E       F      G
               +--------+--------+--------+--------+--------+-----+--------+
         Total |    367 |    367 |      0 |      0 |    306 |   2 |  183.5 |
       Dungeon |    283 |    283 |      0 |      0 |    234 |   1 |  283.0 |
         Abyss |     84 |     84 |      0 |      0 |     72 |   1 |   84.0 |
               +--------+--------+--------+--------+--------+-----+--------+

Top non-repeatable levels by time:
     D:1: 283 daAuts
 Abyss:1: 84 daAuts
